Map: Port Aleksander LE

Players

Lateralus - Winner!

  • Race: Zerg Zerg
  • League: Gold
  • Spawn Location: 11:00

Diabolic

  • Race: Protoss Protoss
  • League: Gold
  • Spawn Location: 5:00

VOD

Have the link to the VOD?

Description

Time

  • Played on: April 9, 2019, 10:38 p.m.
  • Length: 6:18
Show
View Real Time Build Order
Export as new Build Order

Lateralus Zerg - Winner!

Build Orders: Hatch First 

Get SALT Encoding   

  12  0:01  Drone  
  13  0:12  Overlord  
  13  0:18  Drone  
  14  0:31  Drone x2  
  14  0:35  Drone  
  17  0:57  Hatchery  
  17  0:59  Drone  
  17  1:03  Drone  
  18  1:07  Extractor  
  17  1:23  Spawning Pool  
  17  1:24  Drone  
  17  1:25  Drone  
  18  1:33  Drone  
  18  1:39  Overlord  
  19  2:14  Queen  
  19  2:15  Drone  
  22  2:18  Queen  
  22  2:19  Metabolic Boost  
  24  2:24  Zergling x4  
  24  2:26  Drone  
  27  2:30  Spine Crawler  
  26  2:43  Spine Crawler x2  
  24  2:47  Spine Crawler  
  23  2:53  Spine Crawler  
  23  2:55  Zergling x2  
  23  2:59  Zergling x2  
  25  3:05  Zergling x4  
  25  3:08  Zergling x2  
  25  3:11  Zergling x2  
  28  3:18  Zergling x2  
  28  3:19  Zergling x2  
  30  3:22  Zergling x2  
  31  3:49  Zergling x8  
  31  3:50  Zergling x2  
  36  3:57  Overlord  
  36  4:19  Zergling x8  
  40  4:28  Overlord x2  
  39  4:47  Zergling x4  
  39  4:48  Zergling x4  
  43  4:54  Zergling x2  
  34  5:04  Zergling x8  
  33  5:17  Zergling x4  
  30  5:36  Zergling x6  
  30  5:37  Zergling x2  
  32  5:44  Zergling x2  
  30  5:57  Zergling x6  
Show
View Real Time Build Order
Export as new Build Order

Diabolic Protoss 

Build Orders:  

Get SALT Encoding   

  1  0:00  Probe  
  12  0:05  Probe  
  14  0:18  Pylon  
  14  0:22  Probe  
  15  0:36  Gateway  
  15  0:52  Gateway  
  15  0:59  Probe  
  16  1:08  Gateway  
  16  1:20  Pylon  
  16  1:23  Zealot  
  18  1:39  Cybernetics Core  
  18  1:41  Zealot  
  20  1:48  Pylon  
  20  1:52  Zealot  
  22  1:55  Zealot  
  24  2:08  Zealot  
  26  2:19  Assimilator, Zealot  
  26  2:22  Zealot  
  32  2:37  Zealot  
  32  2:41  Probe  
  33  2:48  Pylon  
  33  2:51  Zealot  
  35  2:53  Probe  
  36  2:59  Warp Gate  
  36  3:03  Zealot  
  38  3:06  Probe  
  38  3:09  Zealot  
  41  3:19  Pylon  
  41  3:22  Zealot  
  43  3:30  Zealot  
  45  3:36  Zealot  
  47  3:49  Zealot  
  47  3:51  Pylon  
  49  3:57  Assimilator  
  49  4:01  Zealot  
  51  4:09  Stalker  
  53  4:19  Stalker  
  55  4:26  Probe  
  56  4:37  Pylon  
  56  4:38  Probe  
  57  4:50  Probe  
  40  5:04  Zealot x3  
  28  5:27  Zealot x2  
  28  5:28  Zealot  
  28  5:53  Zealot x3  
Tags
 
Add a new tag
Caveats
  • Supply blocks, unpowered buildings, or Contaminate may cause inaccurate times.
  • Supply counts are checked every 10 seconds.